 Dungeon Crawl Stone Soup version 0.24.0-123-gd5b16e6ec5 (webtiles) character file.

Game seed: 3311367842190298089, levelgen mode: deterministic

2947 Elellon the Cleaver (level 9, -24/74 HPs)
             Began as a Deep Dwarf Fighter on Jan 16, 2020.
             Was a Believer of Makhleb.
             Killed from afar by a deep elf mage (31 damage)
             ... with a stone arrow
             ... in a bailey.
             The game lasted 00:11:01 (4745 turns).

Elellon the Cleaver (Deep Dwarf Fighter)            Turns: 4745, Time: 00:11:02

Health: -24/74     AC: 11    Str: 22    XL:     9   Next: 51%
Magic:  5/5        EV:  6    Int: 10    God:    Makhleb [**....]
Gold:   331        SH:  9    Dex: 12    Spells: 8/8 levels left

rFire    . . .     SeeInvis .   a - +0 war axe
rCold    . . .     Gourm    .   c - +0 shield
rNeg     . . .     Faith    .   A - +0 plate armour
rPois    .         Spirit   .   (no helmet)
rElec    .         Reflect  .   (no cloak)
rCorr    .         Harm     .   (no gloves)
MR       +....                  (no boots)
Stlth    ..........             (no amulet)
HPRegen  0.00/turn              s - +2 ring of evasion
MPRegen  0.09/turn              (no ring)

@: non-regenerating
A: damage resistance, heal wounds, sense surroundings 2, no regeneration
a: Heal Wounds, Minor Destruction, Renounce Religion


You were in a bailey.
You worshipped Makhleb.
Makhleb was pleased with you.
You were hungry.

You visited 2 branches of the dungeon, and saw 8 of its levels.
You also visited: Bailey.

You collected 331 gold pieces.

Inventory:

Hand Weapons
 a - a +0 war axe (weapon)
Armour
 c - a +0 shield (worn)
 A - a +0 plate armour (worn)
Jewellery
 q - an uncursed ring of positive energy {unknown}
 s - a +2 ring of evasion (left hand)
Scrolls
 e - 8 scrolls of identify
 g - 2 scrolls of magic mapping
 k - 4 scrolls of remove curse
 m - a scroll of enchant weapon {unknown}
 n - a scroll of teleportation {unknown}
 u - 2 scrolls of blinking {unknown}
 v - a scroll of immolation {unknown}
 x - a scroll of fear {unknown}
 y - a scroll of enchant armour {unknown}
 C - a scroll of random uselessness {unknown}
Potions
 d - a potion of might
 h - 2 potions of flight {unknown}
 i - 2 potions of mutation {unknown}
 j - a potion of agility {unknown}
 l - a potion of heal wounds {unknown}
 o - 4 potions of curing {unknown}
 p - 2 potions of magic {unknown}
 r - 4 potions of degeneration {unknown}
 t - a potion of lignification {unknown}
 w - a potion of brilliance {unknown}
 B - a potion of cancellation {unknown}
Comestibles
 b - 6 chunks of flesh
 f - 12 rations


   Skills:
 + Level 2.6 Fighting
 * Level 14.0 Axes
 + Level 3.2 Armour
 + Level 3.2 Shields


You had 8 spell levels left.
You didn't know any spells.
Your spell library contained the following spells:

 Spells                   Type           Power        Failure   Level  Hunger
 Animate Skeleton         Necr           N/A          100%        1    ##.....
 Pain                     Necr           #...         100%        1    ##.....
 Sting                    Conj/Pois      #...         100%        1    ##.....
 Poisonous Vapours        Pois/Air       #.....       100%        2    ###....
 Mephitic Cloud           Conj/Pois/Air  #.......     100%        3    ####...
 Vampiric Draining        Necr           #.........   100%        3    ####...
 Animate Dead             Necr           N/A          100%        4    #####..
 Olgreb's Toxic Radiance  Pois           #.......     100%        4    #####..
 Venom Bolt               Conj/Pois      #.........   100%        5    ######.
 Regeneration             Chrm/Necr      Unusable     N/A         3    N/A

Dungeon Overview and Level Annotations

Branches:
Dungeon (7/15)             Temple (1/1) D:4          Bailey (1/1)

Altars:
Ashenzari
Cheibriados
Dithmenos
Elyvilon
Fedhas
Gozag
Hepliaklqana
Kikubaaqudgha
Makhleb
Nemelex Xobeh
Okawaru
Qazlal
Ru
Sif Muna
Trog
Uskayaw
Wu Jian
Xom
Yredelemnul
Zin
The Shining One


Innate Abilities, Weirdness & Mutations

You are resistant to damage.
You can heal yourself by infusing magical energy.
You passively map the area around you.
You do not regenerate.


Message History

Your plate armour prevents you from hitting the deep elf mage.
The deep elf mage is severely wounded.
You closely miss the deep elf mage. You hit the deep elf mage.
The deep elf mage hits you with a +0 dagger.
* * * LOW HITPOINT WARNING * * *
The deep elf mage hits you but does no damage.
You closely miss the deep elf mage.
The deep elf mage is severely wounded.
You closely miss the deep elf mage. You hit the deep elf mage.
The deep elf mage casts a spell.
The deep elf mage blinks!
You closely miss the deep elf mage.
The deep elf mage is severely wounded.
You closely miss the deep elf mage. x2
The deep elf mage hits you but does no damage.
The deep elf mage points at you and mumbles some strange words.
The shard of ice misses you. The deep elf mage casts a spell at you.
The stone arrow hits you!!
You die...

* , * * , * .## ,
,* ,,, .. *,.. *
** .., .###
*+###.
+##...###..E## *
*
,,*#.....#.....#*
* , #.....#.ee..#
, #...e.#.@...# ,
* #.e..#e...## *
* #####e##### * *
##....#....# ** *
#.....#.....# ,
,,#..∩..#.....# ,
** #..)..#.....#*
** ###...###...##
##..##'######.


You could see an earth elemental and 4 deep elf magi.

Vanquished Creatures
  A deep elf mage (Bailey)
  Sigmund (D:5)
  Eustachio (D:5)
  Menkaure (D:6)
  A water moccasin (D:5)
  An orc warrior (D:6)
  A sky beast (D:7)
  A black bear (D:5)
  2 ogres
  2 phantoms
  A crocodile (D:7)
  3 centaurs
  2 bullfrogs
  A wyvern skeleton (D:6)
  A scorpion (D:3)
  A crimson imp (D:6)
  A bullfrog zombie (D:7)
  2 hounds
  2 jellies (D:6)
  2 orc priests
  Jessica (D:2)
  2 centaur skeletons
  Natasha (twice) (D:2)
  5 orc wizards
  5 worker ants
  12 adders
  A shadow imp (D:7)
  An ooze (D:6)
  5 worms
  4 leopard geckos
  20 orcs
  2 giant cockroaches
  7 goblins
  3 hobgoblins
  8 jackals
  2 quokkas
  4 bats
  5 frilled lizards
  A giant cockroach zombie (D:6)
  3 jackal skeletons
  8 kobolds
  A leopard gecko skeleton (D:5)
  9 rats
139 creatures vanquished.

Notes
Turn   | Place    | Note
-------+----------+-------------------------------------------
     0 | D:1      | Elellon the Deep Dwarf Fighter began the quest for the Orb.
     0 | D:1      | Reached XP level 1. HP: 20/20 MP: 1/1
   258 | D:1      | Reached skill level 3 in Axes
   272 | D:1      | Reached XP level 2. HP: 25/27 MP: 2/2
   756 | D:2      | Reached XP level 3. HP: 27/33 MP: 3/3
   770 | D:2      | Reached skill level 4 in Axes
   948 | D:2      | Reached XP level 4. HP: 28/40 MP: 4/4
   965 | D:2      | Reached skill level 5 in Axes
   974 | D:2      | Noticed Natasha
   980 | D:2      | Killed Natasha
  1081 | D:2      | Found a sparkling altar of Nemelex Xobeh.
  1081 | D:2      | Noticed Jessica
  1104 | D:2      | Killed Jessica
  1104 | D:2      | Reached XP level 5. HP: 15/46 MP: 5/5
  1191 | D:2      | Reached skill level 6 in Axes
  1381 | D:2      | Noticed Natasha
  1389 | D:2      | Killed Natasha
  1622 | D:3      | Reached skill level 7 in Axes
  1622 | D:3      | Reached XP level 6. HP: 30/55 MP: 5/5
  2130 | D:4      | Found a staircase to the Ecumenical Temple.
  2137 | Temple   | Entered the Ecumenical Temple
  2225 | Temple   | Became a worshipper of Makhleb the Destroyer
  2393 | D:4      | Reached skill level 8 in Axes
  2526 | D:4      | Reached XP level 7. HP: 58/61 MP: 6/6
  2907 | D:5      | Entered Level 5 of the Dungeon
  2956 | D:5      | Reached skill level 9 in Axes
  3029 | D:5      | Noticed Eustachio
  3055 | D:5      | Killed Eustachio
  3192 | D:5      | Reached skill level 10 in Axes
  3304 | D:5      | Noticed Sigmund
  3335 | D:5      | Killed Sigmund
  3335 | D:5      | Reached XP level 8. HP: 32/68 MP: 7/7
  3723 | D:6      | Noticed Menkaure
  3737 | D:6      | Reached skill level 11 in Axes
  3739 | D:6      | Reached * piety under Makhleb
  3745 | D:6      | Killed Menkaure
  3967 | D:6      | Reached skill level 12 in Axes
  4189 | D:6      | Gained mutation: You passively map the area around you.
                  | [Deep Dwarf growth]
  4189 | D:6      | Reached XP level 9. HP: 24/74 MP: 5/5
  4362 | D:6      | Found a sparkling altar of Nemelex Xobeh.
  4365 | D:6      | Found a white marble altar of Elyvilon.
  4368 | D:6      | Found a blossoming altar of Fedhas.
  4481 | D:7      | Reached skill level 13 in Axes
  4534 | D:7      | Reached ** piety under Makhleb
  4664 | D:7      | Found a flagged portal.
  4693 | Bailey   | Entered a bailey
  4701 | Bailey   | Noticed a deep elf mage
  4713 | Bailey   | Killed a deep elf mage
  4713 | Bailey   | Reached skill level 14 in Axes
  4727 | Bailey   | Noticed a deep elf mage
  4728 | Bailey   | Noticed a deep elf mage
  4728 | Bailey   | Noticed a deep elf mage
  4728 | Bailey   | Noticed a deep elf mage
  4728 | Bailey   | Noticed a deep elf mage
  4736 | Bailey   | Noticed a deep elf mage
  4745 | Bailey   | Killed from afar by a deep elf mage

Levels and vault maps discovered:
D:1:      saegor_arrival_simple_b, layout_loops_ring
D:2:      layout_loops_cross, nemelex_lonely_heart_becter, uniq_jessica,
          uniq_natasha
D:3:      layout_rooms, first_ration
D:4:      layout_basic, minmay_temple_entry_waves,
          hangedman_abyss_or_decor_passed, small_statue_intersection
D:5:      black_bear_nest_1, layout_basic, uniq_eustachio, uniq_sigmund
D:6:      layout_loops_cross, grunt_temple_overflow_diamond, uniq_menkaure
D:7:      layout_gridville, enter_bailey_2
Temple:   hc_temple_tempest_star
Bailey:   bailey_polearm_3, bailey

Skill      XL: |  1  2  3  4  5  6  7  8  9 |
---------------+----------------------------+-----
Axes           | 3 4 5 7 8 10 12 14 | 14.0
Fighting       | |  2.6
Armour         | |  3.2
Shields        | |  3.2

Action                   |  1- 3 |  4- 6 |  7- 9 || total
-------------------------+-------+-------+-------++-------
Melee: War axe           |   124 |   187 |   326 ||   637
 Abil: Heal Wounds       |       |     4 |     7 ||    11
  Use: Scroll            |       |     5 |       ||     5
  Eat: Chunk             |       |     6 |     7 ||    13
Armor: Chain mail        |    92 |   107 |    91 ||   290
       Plate armour      |       |       |   143 ||   143
Dodge: Dodged            |    37 |    44 |    85 ||   166
Block: Shield            |    79 |    90 |   158 ||   327
